 Dungeon Crawl Stone Soup version 0.25.1-2-g60ff931df9 (webtiles) character file.

Game seed: 1249868855539076475

108 DildoBatman the Conjurer (level 5, -3/35 HPs)
             Began as a Formicid Wizard on Nov 1, 2020.
             Slain by a gnoll
             ... wielding a +0 halberd
              (7 damage)
             ... on level 2 of the Dungeon.
             The game lasted 00:03:24 (1067 turns).

DildoBatman the Conjurer (Formicid Wizard)          Turns: 1067, Time: 00:03:24

Health: -3/35      AC: 10    Str: 12    XL:     5   Next: 12%
Magic:  9/18       EV: 12    Int: 18    God:
Gold:   101        SH:  0    Dex:  9    Spells: 3/10 levels left

rFire    . . .     SeeInvis +   b - +0 mace (protect)
rCold    . . .     Gourm    .   (no shield)
rNeg     . . .     Faith    .   q - +0 robe (curse)
rPois    .         Spirit   .   (helmet unavailable)
rElec    .         Reflect  .   (no cloak)
rCorr    .         Harm     .   (no gloves)
MR       .....                  c - +0 pair of boots
Stlth    ++........             (no amulet)
HPRegen  0.11/turn              t - ring of wizardry
MPRegen  0.16/turn              h - ring of magical power

@: protection aura
A: permanent stasis, dig shafts and tunnels, four strong arms, antennae 3
a: Dig, Shaft Self


You were on level 2 of the Dungeon.
You were not hungry.

You visited 1 branch of the dungeon, and saw 2 of its levels.

You collected 101 gold pieces.

Inventory:

Hand Weapons
 a - a +0 hunting sling
 b - a +0 mace of protection (weapon)
Missiles
 d - 48 bolts
 j - 17 arrows
 r - 50 stones (quivered)
 u - 17 sling bullets
Armour
 c - a +0 pair of boots (worn)
 q - a cursed +0 robe (worn)
Jewellery
 h - a ring of magical power (right hand)
 i - an uncursed ring of ice
 t - a ring of wizardry (left hand)
Scrolls
 g - 2 scrolls of identify {unknown}
 k - a scroll of blinking {unknown}
 o - a scroll of remove curse {unknown}
Potions
 e - 2 potions of mutation {unknown}
 l - 2 potions of curing {unknown}
 m - a potion of heal wounds {unknown}
 n - a potion of berserk rage {unknown}
 p - a potion of lignification {unknown}
 s - a potion of cancellation {unknown}
Comestibles
 f - 14 chunks of flesh
 v - 4 rations


   Skills:
 - Level 1.7 Dodging
 - Level 2.4 Stealth
 - Level 3.2 Spellcasting
 * Level 4.1 Conjurations
   Level 1.0 Summonings
   Level 0.8 Translocations


You had 3 spell levels left.
You knew the following spells:

 Your Spells              Type           Power        Failure   Level  Hunger
a - Conjure Flame         Conj/Fire      ##......     9%          3    ###....
c - Magic Dart            Conj           ###.         1%          1    None
e - Mephitic Cloud        Conj/Pois/Air  #.......     11%         3    ###....

Your spell library contained the following spells:

 Spells                   Type           Power        Failure   Level  Hunger
 Call Imp                 Summ           #.......     6%          2    ##.....
 Slow                     Hex            #.......     10%         2    ##.....
 Blink                    Tloc           Unusable     N/A         2    N/A

Dungeon Overview and Level Annotations

Branches:
Dungeon (2/15)

Altars:


Innate Abilities, Weirdness & Mutations

You cannot be hasted, slowed, berserked, paralysed or teleported.
You can dig through walls and to a lower floor.
Your four strong arms can wield two-handed weapons with a shield.
You have a pair of large antennae on your head. (SInv)


Message History

You shred the net and break free!
The gnoll hits you from afar with a +0 halberd!
The gnoll hits you from afar with a +0 halberd!
The gnoll hits you with a +0 halberd.
Things that are here:
a +0 club a gnoll corpse You hit the gnoll.
Your weapon exudes an aura of protection.
The gnoll is moderately wounded.
The gnoll barely misses you.
Casting: Magic Dart (safe; 1% risk of failure)
Confirm with . or Enter, or press ? or * to list all spells.
Aiming: Magic Dart (safe; 1% risk of failure)
Press: ? - help, Shift-Dir - straight line, f/p - gnoll
Aim: a gnoll, wielding a +0 halberd (moderately wounded)
The magic dart hits the gnoll.
The gnoll is severely wounded.
The gnoll hits you with a +0 halberd!
You die...

{
#.....##†###..##
########......#
#####.## ### #.#
##.####.#
#.......# #
##.######
#.##.#####.#
#....g@..÷.#
####.####### ..
##


You could see a gnoll.

Vanquished Creatures
  5 gnolls (D:2)
  An adder (D:2)
  An ooze (D:1)
  2 dart slugs
  A leopard gecko (D:2)
  2 giant cockroaches (D:1)
  6 goblins
  7 hobgoblins
  4 jackals (D:2)
  A ball python (D:1)
  5 bats
  A frilled lizard (D:2)
  3 kobolds
  3 rats (D:1)
42 creatures vanquished.

Notes
Turn   | Place    | Note
-------+----------+-------------------------------------------
     0 | D:1      | DildoBatman the Formicid Wizard began the quest for the
                  | Orb.
     0 | D:1      | Reached XP level 1. HP: 13/13 MP: 4/4
    31 | D:1      | Reached skill level 1 in Conjurations
   151 | D:1      | Reached XP level 2. HP: 17/19 MP: 0/6
   220 | D:1      | Reached skill level 2 in Conjurations
   316 | D:1      | Reached XP level 3. HP: 23/24 MP: 7/7
   321 | D:1      | Learned a level 3 spell: Conjure Flame
   325 | D:1      | Learned a level 3 spell: Mephitic Cloud
   669 | D:2      | Reached skill level 3 in Conjurations
   788 | D:2      | Reached XP level 4. HP: 30/30 MP: 8/8
  1046 | D:2      | Reached skill level 4 in Conjurations
  1046 | D:2      | Reached XP level 5. HP: 25/35 MP: 9/9
  1067 | D:2      | Slain by a gnoll

Illustrated notes

Levels and vault maps discovered:
D:1:      dpeg_arrival_central, layout_rooms, hangedman_decor_growths,
          minmay_misc_feat_doors, minmay_bisected
D:2:      layout_loops_cross, kennysheep_flooded_box

Skill      XL: |  1  2  3  4 |
---------------+-------------+-----
Conjurations   | 1 2 3 4 |  4.1
Dodging        | |  1.7
Stealth        | |  2.4
Spellcasting   | |  3.2
Summonings     | |  1.0
Translocations | |  0.8

Action                   |  1- 3 |  4- 6 || total
-------------------------+-------+-------++-------
Melee: Mace              |    37 |     7 ||    44
 Fire: Hunting sling     |       |     2 ||     2
 Cast: Magic Dart        |    47 |    43 ||    90
 Abil: Dig               |     4 |       ||     4
 Stab: Sleeping          |     2 |       ||     2
  Eat: Chunk             |       |     1 ||     1
Armor: Robe              |    18 |     5 ||    23
Dodge: Dodged            |    42 |    11 ||    53
